[Event "XXVII RUS-chT Women 2020"]
[Site "Sochi"]
[Date "2020.11.19"]
[Round "1.1"]
[White "Getman, Tatyana"]
[Black "Pogonina, Natalija"]
[Result "0-1"]
[ECO "E32"]
[WhiteElo "2303"]
[BlackElo "2475"]
[Annotator "ChessBase"]
[PlyCount "172"]
[EventDate "2020.11.19"]
[EventType "team-tourn"]
[EventCountry "RUS"]
[SourceTitle "playchess.com"]
[Source "ChessBase"]
[SourceQuality "1"]
[TimeControl "40/5400+30:1800+30"]

1. d4 Nf6 2. c4 e6 3. Nc3 Bb4 4. Qc2 O-O 5. e4 d6 6. Bd3 e5 7. d5 Nbd7 8. Nge2 c6 9. O-O h6 10. Ng3 Re8 11. a3 Ba5 12. b4 Bc7 13. f3 Bb6+ 14. Kh1 Nf8 15. Rd1 Ng6 16. Nce2 c5 17. Nf5 Bxf5 18. exf5 Nf8 19. Be4 cxb4 20. axb4 Rc8 21. Bd2 N8d7 22. Rdc1 a6 23. Ra3 Ba7 24. Qd3 Nxe4 25. fxe4 Qh4 26. g3 Qh3 27. Be3 Bxe3 28. Qxe3 Qg4 29. Qd3 Nf6 30. Nc3 b5 31. Rxa6 Rxc4 32. Re1 Rxb4 33. Rb6 Rc8 34. Rc6 Ra8 35. Qe2 Qxe2 36. Rxe2 Rb3 37. Kg2 Ra1 38. Rc2 Ng4 39. Re2 h5 40. Rc8+ Kh7 41. Rc6 Nf6 42. Rc2 Raa3 43. Rc7 Ng4 44. Nd1 Rd3 45. Nf2 Ne3+ 46. Kh3 Nxc2 47. Nxd3 Ne3 48. Ne1 f6 49. Nc2 Nxc2 50. Rxc2 Re3 51. Rc6 Rxe4 52. Rxd6 Rd4 53. Kg2 Rd2+ 54. Kg1 h4 55. gxh4 b4 56. Rb6 Rxd5 57. Rxb4 Rd4 58. Rb3 Rxh4 59. Rg3 Rh5 60. Rf3 Kh6 61. Kh1 Rh4 62. Rg3 Kh7 63. Kg2 Rf4 64. Rh3+ Kg8 65. Rh5 Rg4+ 66. Kf3 Rg1 67. Kf2 Rd1 68. Ke2 Rd4 69. Kf3 Kf7 70. Kg3 Rf4 71. h3 Kg8 72. Kg2 g6 73. fxg6 Kg7 74. Rh7+ Kxg6 75. Ra7 e4 76. Re7 f5 77. Re8 Rf3 78. h4 Kh5 79. Rh8+ Kg4 80. h5 Rg3+ 81. Kf2 e3+ 82. Ke2 f4 83. h6 Rg2+ 84. Kf1 Kf3 85. Re8 e2+ 86. Ke1 Rg1+ 0-1

[Event "XXVII RUS-chT Women 2020"]
[Site "Sochi"]
[Date "2020.11.19"]
[Round "1.2"]
[White "Girya, Olga"]
[Black "Nazarova, Anastasia"]
[Result "1-0"]
[ECO "D41"]
[WhiteElo "2469"]
[BlackElo "2190"]
[Annotator "ChessBase"]
[PlyCount "173"]
[EventDate "2020.11.19"]
[EventType "team-tourn"]
[EventCountry "RUS"]
[SourceTitle "playchess.com"]
[Source "ChessBase"]
[SourceQuality "1"]
[TimeControl "40/5400+30:1800+30"]

1. d4 Nf6 2. c4 e6 3. Nf3 d5 4. Nc3 c5 5. cxd5 Nxd5 6. e4 Nxc3 7. bxc3 cxd4 8. cxd4 Bb4+ 9. Bd2 Bxd2+ 10. Qxd2 O-O 11. Bc4 b6 12. d5 Ba6 13. Bxa6 Nxa6 14. O-O Nc5 15. Rfe1 exd5 16. exd5 Qd6 17. Rad1 Rfe8 18. Qd4 Nd7 19. Rxe8+ Rxe8 20. Qa4 Rc8 21. h3 a5 22. Nd4 Qxd5 23. Nb5 Nc5 24. Qc2 Qe6 25. Nc7 Qe5 26. Nd5 Qe6 27. Qd2 Kf8 28. Qc2 Rd8 29. Ne3 Rxd1+ 30. Qxd1 Qd7 31. Qb1 h6 32. Qxb6 Nb7 33. a4 g6 34. h4 h5 35. g3 Kg7 36. Kg2 Kg8 37. Kh2 Kg7 38. Qb2+ Kg8 39. Qe5 Qd6 40. Qb5 Qc7 41. Nd5 Qb8 42. Nf6+ Kg7 43. Qb2 Kh6 44. Qd2+ Kg7 45. Qg5 Qa7 46. Kg2 Qc5 47. Nxh5+ Kf8 48. Qh6+ Ke7 49. Nf4 Nd6 50. Qg7 Qc6+ 51. Kh2 Qe4 52. Qc3 Nc4 53. f3 Qc6 54. Qc2 Ne5 55. Qxc6 Nxc6 56. g4 Ne5 57. Kg3 Nd7 58. Ne2 Nc5 59. Nc3 Nd3 60. f4 f5 61. gxf5 gxf5 62. h5 Kf7 63. Kf3 Kg7 64. Ke3 Nb4 65. Kd4 Kh6 66. Ke5 Kxh5 67. Kxf5 Nd3 68. Ke4 Nc5+ 69. Kd4 Nb3+ 70. Ke5 Kg6 71. Ne4 Kg7 72. f5 Nc1 73. f6+ Kf8 74. Ke6 Nd3 75. Kf5 Kf7 76. Nd6+ Kf8 77. Nb7 Kf7 78. Nd8+ Kf8 79. Nb7 Kf7 80. Nxa5 Nc5 81. Nc6 Nxa4 82. Nd8+ Kf8 83. Ne6+ Kf7 84. Ng5+ Kf8 85. Kg6 Nc5 86. Nh7+ Ke8 87. f7+ 1-0

[Event "XXVII RUS-chT Women 2020"]
[Site "Sochi"]
[Date "2020.11.19"]
[Round "1.3"]
[White "Pogorelskikh, Sofia"]
[Black "Badelka, Olga"]
[Result "0-1"]
[ECO "C11"]
[WhiteElo "2128"]
[BlackElo "2427"]
[Annotator "ChessBase"]
[PlyCount "128"]
[EventDate "2020.11.19"]
[EventType "team-tourn"]
[EventCountry "RUS"]
[SourceTitle "playchess.com"]
[Source "ChessBase"]
[SourceQuality "1"]
[TimeControl "40/5400+30:1800+30"]

1. e4 e6 2. d4 d5 3. Nc3 Nf6 4. Bg5 dxe4 5. Nxe4 Be7 6. Bxf6 gxf6 7. Qd2 e5 8. dxe5 Qxd2+ 9. Nxd2 fxe5 10. Ngf3 f6 11. Bd3 Nc6 12. Nh4 Be6 13. Nf5 Bf8 14. Nf1 O-O-O 15. Be4 h5 16. h4 Bc5 17. N1e3 Rhg8 18. g3 Kb8 19. a3 Nd4 20. Rd1 a5 21. c3 Nxf5 22. Rxd8+ Rxd8 23. Nxf5 Bf7 24. Ne3 Bxe3 25. fxe3 Rg8 26. Kf2 Be6 27. Rd1 Bg4 28. Bf3 Kc8 29. Bxg4+ Rxg4 30. Kg2 Rg6 31. Rf1 Kd7 32. Rf5 Rh6 33. a4 Ke6 34. e4 Rh7 35. Kf2 Kf7 36. Ke3 Kg6 37. Rf1 Rd7 38. Ke2 Rd6 39. Ke3 c5 40. b3 Rb6 41. Rb1 f5 42. c4 Kf6 43. Rb2 Ke6 44. Rb1 fxe4 45. Kxe4 Rd6 46. Rf1 Rd4+ 47. Ke3 Rg4 48. Rg1 b6 49. Ke2 Kf5 50. Rf1+ Ke4 51. Rf3 Rg6 52. Re3+ Kf5 53. Rf3+ Kg4 54. Re3 Re6 55. Kf2 e4 56. Kg2 Kf5 57. Re1 Rd6 58. Rf1+ Ke5 59. g4 hxg4 60. h5 e3 61. Rh1 Kf4 62. Rf1+ Ke4 63. Rh1 e2 64. Kf2 Rd1 0-1

[Event "XXVII RUS-chT Women 2020"]
[Site "Sochi"]
[Date "2020.11.19"]
[Round "1.4"]
[White "Guseva, Marina"]
[Black "Yurasova, Daria"]
[Result "1-0"]
[ECO "D31"]
[WhiteElo "2352"]
[BlackElo "2075"]
[Annotator "NA"]
[PlyCount "115"]
[EventDate "2020.11.19"]
[EventType "team-tourn"]
[EventCountry "RUS"]
[SourceTitle "playchess.com"]
[Source "ChessBase"]
[SourceQuality "1"]
[TimeControl "40/5400+30:1800+30"]

1. d4 e6 2. c4 d5 3. Nc3 Be7 4. cxd5 exd5 5. Bf4 Nf6 6. e3 O-O 7. Bd3 c5 8. dxc5 Bxc5 9. Nge2 Nc6 10. O-O Bg4 11. h3 Bh5 12. Rc1 a6 13. g4 Bg6 14. Bxg6 hxg6 $16 15. Nxd5 Ba7 16. Nec3 Nxd5 17. Nxd5 Qa5 18. Qb3 Bb8 19. Qxb7 Bxf4 20. Qxc6 Bg5 21. Nc7 Rfc8 22. Rc5 Qxa2 23. Rxg5 Ra7 24. Qd5 Qxb2 25. Ne6 Kh7 26. Nd4 a5 27. Qb5 Qa2 28. Rc5 Rca8 29. Rfc1 a4 30. Nc6 Rd7 31. Nd4 Rda7 32. R5c2 Qa3 33. Qg5 Qf8 34. Ra2 Ra5 35. Qf4 a3 36. Rc7 Rb8 37. Rxf7 Rb1+ 38. Kg2 Qa8+ 39. Qf3 Qa6 40. Rc7 Qf1+ 41. Kg3 Qg1+ 42. Qg2 Qd1 43. Rcc2 Qd3 44. Kh2 Qd1 45. Rd2 Qa4 46. Qg3 Qb4 47. Qh4+ Kg8 48. Nc6 Qb7 49. Qd8+ Kh7 50. Qxa5 Qxc6 51. Qd5 Qc7+ 52. Kg2 Qc1 53. Kg3 Qc7+ 54. f4 Qc3 55. Qd3 Rg1+ 56. Kh4 Qf6+ 57. g5 Qc6 58. f5 1-0

[Event "XXVII RUS-chT Women 2020"]
[Site "Sochi"]
[Date "2020.11.19"]
[Round "1.5"]
[White "Shuvalova, Polina"]
[Black "Afonasieva, Anna"]
[Result "1-0"]
[ECO "B10"]
[WhiteElo "2454"]
[BlackElo "2316"]
[Annotator "ChessBase"]
[PlyCount "89"]
[EventDate "2020.11.19"]
[EventType "team-tourn"]
[EventCountry "RUS"]
[SourceTitle "playchess.com"]
[Source "ChessBase"]
[SourceQuality "1"]
[TimeControl "40/5400+30:1800+30"]

1. e4 c6 2. Nf3 d5 3. exd5 cxd5 4. Ne5 Nf6 5. d4 a6 6. c3 Bf5 7. Nd2 Nbd7 8. Be2 h6 9. Ndf3 e6 10. Bf4 Be7 11. Qb3 Qc8 12. O-O O-O 13. Rfc1 Nxe5 14. Nxe5 Ne4 15. c4 dxc4 16. Nxc4 Qd8 17. Nb6 g5 18. Be3 Rb8 19. d5 e5 20. g4 Bg6 21. Bd3 Bd6 22. Qc2 Nc5 23. Bxg6 Qxb6 24. Bf5 Rbc8 25. Bxc8 Rxc8 26. Qf5 Rc7 27. Qf6 Kh7 28. Rxc5 Rxc5 29. Qxf7+ Kh8 30. Qf6+ Kh7 31. Bxc5 Qxc5 32. Qf7+ Kh8 33. Rd1 Qc2 34. Qf6+ Kg8 35. Re1 Bc5 36. Qe6+ Kf8 37. Qxh6+ Ke8 38. Rxe5+ Kd8 39. Qxg5+ Kc7 40. Qf4 Kb6 41. b4 Bd6 42. Qd4+ Kb5 43. Re6 Qc7 44. h4 Bxb4 45. d6 1-0

[Event "XXVII RUS-chT Women 2020"]
[Site "Sochi"]
[Date "2020.11.19"]
[Round "1.6"]
[White "Semenova, Elena"]
[Black "Kovalevskaya, Ekaterina"]
[Result "1-0"]
[ECO "B30"]
[WhiteElo "2299"]
[BlackElo "2386"]
[Annotator "ChessBase"]
[PlyCount "155"]
[EventDate "2020.11.19"]
[EventType "team-tourn"]
[EventCountry "RUS"]
[SourceTitle "playchess.com"]
[Source "ChessBase"]
[SourceQuality "1"]
[TimeControl "40/5400+30:1800+30"]

1. e4 c5 2. Nf3 Nc6 3. c3 d5 4. exd5 Qxd5 5. d4 cxd4 6. cxd4 e6 7. Nc3 Qd8 8. Bd3 Nf6 9. O-O Be7 10. a3 O-O 11. Bb1 b6 12. Re1 Bb7 13. Qd3 g6 14. Ba2 Re8 15. h4 Bf8 16. Bg5 h6 17. Bf4 Bg7 18. Rad1 Ne7 19. Be5 Nf5 20. d5 exd5 21. h5 Kh7 22. Nxd5 Nxd5 23. hxg6+ fxg6 24. Bxd5 Bxd5 25. Qxd5 Qxd5 26. Rxd5 Rad8 27. Rxd8 Rxd8 28. g4 Bxe5 29. Rxe5 Nd4 30. Re7+ Kg8 31. Ne5 Rd5 32. Kf1 g5 33. Nf7 a5 34. Nxh6+ Kf8 35. Rf7+ Ke8 36. Rb7 b5 37. Ng8 Rd6 38. Ne7 a4 39. Nf5 Nxf5 40. gxf5 Rd5 41. f6 Rf5 42. Kg2 g4 43. Kg3 Rxf6 44. Rxb5 Rf3+ 45. Kg2 Rf4 46. Rb7 Kd8 47. Kg3 Rf3+ 48. Kg2 Rf4 49. b3 axb3 50. Rxb3 Ra4 51. Re3 Kd7 52. Kg3 Kd6 53. Kh4 Rf4 54. Re2 Kd5 55. Kg5 Ra4 56. Re3 Kd6 57. Kf5 Kd7 58. Re4 Rxa3 59. Kxg4 Ra8 60. f4 Rg8+ 61. Kh5 Rh8+ 62. Kg6 Rg8+ 63. Kf6 Rg4 64. Re7+ Kd6 65. f5 Rf4 66. Re3 Kd7 67. Kg6 Rf1 68. f6 Rf2 69. f7 Rg2+ 70. Kf6 Rf2+ 71. Kg7 Rg2+ 72. Kf8 Rg1 73. Rd3+ Kc7 74. Rd4 Kc6 75. Ke7 Re1+ 76. Kf6 Rf1+ 77. Ke6 Kc7 78. Rd5 1-0

[Event "XXVII RUS-chT Women 2020"]
[Site "Sochi"]
[Date "2020.11.19"]
[Round "1.7"]
[White "Bivol, Alina"]
[Black "Vasilevich, Irina"]
[Result "1-0"]
[ECO "B06"]
[WhiteElo "2373"]
[BlackElo "2258"]
[Annotator "ChessBase"]
[PlyCount "161"]
[EventDate "2020.11.19"]
[EventType "team-tourn"]
[EventCountry "RUS"]
[SourceTitle "playchess.com"]
[Source "ChessBase"]
[SourceQuality "1"]
[TimeControl "40/5400+30:1800+30"]

1. e4 g6 2. d4 Bg7 3. Nc3 d6 4. g3 Nf6 5. Bg2 O-O 6. Nge2 e5 7. O-O Nc6 8. dxe5 dxe5 9. Bg5 Bg4 10. Qc1 Nd4 11. f3 Nxe2+ 12. Nxe2 Be6 13. h3 Qe7 14. Qe3 Bc4 15. b3 Bxe2 16. Qxe2 h6 17. Be3 Rfd8 18. Rad1 a5 19. Rd2 Rxd2 20. Qxd2 a4 21. Rd1 axb3 22. axb3 Kh7 23. Bf1 Bf8 24. Bc4 c6 25. Kg2 b5 26. Be2 Ra2 27. Qc3 Qe6 28. Rd2 h5 29. g4 hxg4 30. hxg4 Kg7 31. Rd1 Be7 32. Bf2 Nh7 33. Bg3 Bf6 34. Bf2 Be7 35. Rd3 Ng5 36. Qd2 Qc8 37. Bg3 Qh8 38. Bxe5+ f6 39. Qxg5 Rxc2 40. Bxf6+ Bxf6 41. Rd7+ Kf8 42. Qe3 Qh4 43. Qd3 Ra2 44. Qd6+ Be7 45. Qd1 Qf6 46. Rd2 Ra1 47. Qc2 Bd6 48. Qxc6 Rg1+ 49. Kxg1 Bh2+ 50. Kxh2 Qxc6 51. Kg2 Qc3 52. Rd5 Qc2 53. Kf1 b4 54. Bc4 Qh2 55. Rb5 Qf4 56. Ke2 Qh2+ 57. Ke3 Qg1+ 58. Kf4 Qc1+ 59. Ke5 Qc3+ 60. Kf4 Qc1+ 61. Ke5 Qg5+ 62. Kd4 Qf4 63. Rb7 Qf6+ 64. Kc5 Qc3 65. Rf7+ Ke8 66. Kb5 Qd2 67. Bd5 Qc3 68. f4 Qd2 69. g5 Qe1 70. Rf6 Ke7 71. Ka4 Qd2 72. Bc4 Kd7 73. e5 Ke7 74. Re6+ Kf8 75. Rxg6 Qc3 76. Rf6+ Kg7 77. e6 Qe1 78. e7 Qe3 79. Re6 Qa7+ 80. Kxb4 Qb7+ 81. Bb5 1-0

[Event "XXVII RUS-chT Women 2020"]
[Site "Sochi"]
[Date "2020.11.19"]
[Round "1.8"]
[White "Stroganova, Karina"]
[Black "Voit, Daria"]
[Result "0-1"]
[ECO "A45"]
[WhiteElo "1826"]
[BlackElo "2353"]
[Annotator "NA"]
[PlyCount "84"]
[EventDate "2020.11.19"]
[EventType "team-tourn"]
[EventCountry "RUS"]
[SourceTitle "playchess.com"]
[Source "ChessBase"]
[SourceQuality "1"]
[TimeControl "40/5400+30:1800+30"]

1. d4 Nf6 2. Bf4 g6 3. e3 Bg7 4. Be2 d6 5. Nf3 O-O 6. O-O b6 7. Nc3 Bb7 8. a4 a6 9. Nd2 Nbd7 10. Bf3 c6 11. h3 Qc7 12. Nce4 Nd5 13. Bh2 c5 14. c3 $11 h6 15. Rc1 c4 16. b3 b5 17. bxc4 bxc4 18. Qe2 Rfc8 19. Rc2 a5 20. Rb1 N7b6 21. Nc5 Bc6 22. Nxc4 Nxc4 23. Qxc4 Nb6 24. Qe2 Nxa4 25. Nxa4 Bxa4 26. Ra2 Rab8 27. Rc1 Bb3 28. Ra3 a4 29. Qd2 Qa5 30. Bd1 Bf8 31. Bf4 e5 32. Bg3 exd4 33. exd4 d5 34. Raa1 Rb6 35. Bf4 Bxd1 36. Qxd1 a3 37. Ra2 Rb2 38. Raa1 Rxc3 39. Bd2 Rxc1 40. Bxc1 Rb7 41. Ra2 Rb1 42. Kh2 Qc7+ 0-1

[Event "XXVII RUS-chT Women 2020"]
[Site "Sochi"]
[Date "2020.11.19"]
[Round "1.9"]
[White "Zherebtsova, Alexandra"]
[Black "Bodnaruk, Anastasia"]
[Result "1/2-1/2"]
[ECO "E73"]
[WhiteElo "2204"]
[BlackElo "2414"]
[Annotator "NA"]
[PlyCount "68"]
[EventDate "2020.11.19"]
[EventType "team-tourn"]
[EventCountry "RUS"]
[SourceTitle "playchess.com"]
[Source "ChessBase"]
[SourceQuality "1"]
[TimeControl "40/5400+30:1800+30"]

1. d4 Nf6 2. c4 g6 3. Nc3 Bg7 4. e4 d6 5. Be2 O-O 6. Be3 c5 7. d5 e6 8. Nf3 exd5 9. cxd5 Bg4 10. Nd2 Bxe2 11. Qxe2 Re8 12. O-O Na6 13. Rab1 Nc7 14. b4 Nd7 15. Nb5 Nxb5 16. Qxb5 {[%emt 0:00:16] Double Attack} b6 17. a3 (17. bxc5 $11 {keeps the balance.} Nxc5 18. Bxc5 bxc5 19. Qa6) 17... a6 $17 18. Qe2 b5 19. bxc5 dxc5 20. a4 bxa4 21. Qd3 Ne5 22. Qa3 Qa5 23. Qxc5 Qxc5 24. Bxc5 Nd3 25. Bd6 Rac8 26. Rb7 Bd4 27. Nf3 Rxe4 28. Ng5 Nxf2 29. Nxf7 Rh4 30. Be5 Be3 31. Nd6 Nd3+ 32. Kh1 Nf2+ 33. Kg1 Nd3+ 34. Kh1 Nf2+ 1/2-1/2

[Event "XXVII RUS-chT Women 2020"]
[Site "Sochi"]
[Date "2020.11.19"]
[Round "1.10"]
[White "Ovod, Evgenija"]
[Black "Doroshenko, Diana"]
[Result "1-0"]
[ECO "C07"]
[WhiteElo "2338"]
[BlackElo "2204"]
[Annotator "NA"]
[PlyCount "113"]
[EventDate "2020.11.19"]
[EventType "team-tourn"]
[EventCountry "RUS"]
[SourceTitle "playchess.com"]
[Source "ChessBase"]
[SourceQuality "1"]
[TimeControl "40/5400+30:1800+30"]

1. e4 e6 2. d4 d5 3. Nd2 c5 4. Ngf3 cxd4 5. Nxd4 Nc6 6. Bb5 Bd7 7. Nxc6 bxc6 8. Bd3 Bd6 9. Qe2 Qc7 10. Nf3 f6 11. O-O Ne7 12. c4 dxe4 13. Bxe4 Rd8 14. Bd2 c5 15. Bc3 $11 e5 16. Bc2 O-O 17. Rad1 Bg4 18. h3 Bh5 19. g4 Bf7 20. Nh4 Nc6 21. Be4 Nd4 22. Qd3 g6 23. Ng2 Be6 24. Ne3 Qf7 25. Bd5 f5 26. f3 Qe7 27. Rd2 f4 28. Bxd4 exd4 29. Bxe6+ Qxe6 30. Nd5 Rde8 31. Kg2 Qd7 32. g5 Be5 33. Re2 Rf5 34. h4 h6 35. Rfe1 Qd8 36. Nf6+ Rxf6 37. gxf6 Qxf6 38. Rh1 Kf7 39. Kf1 Re7 40. Ke1 Qa6 41. h5 Qf6 42. Qxg6+ Qxg6 43. hxg6+ Kxg6 44. Kd2 Bf6 45. Rxe7 Bxe7 46. Kd3 h5 47. Ke4 Bg5 48. Kd5 Be7 49. Ke5 d3 50. Kxf4 Bf6 51. Rg1+ Kh6 52. Kf5 Bxb2 53. Rd1 h4 54. Kg4 Bf6 55. Rxd3 a5 56. Rd5 Be7 57. Re5 1-0

[Event "XXVII RUS-chT Women 2020"]
[Site "Sochi"]
[Date "2020.11.19"]
[Round "1.11"]
[White "Khokhlova, Daria"]
[Black "Belenkaya, Dina"]
[Result "0-1"]
[ECO "D04"]
[WhiteElo "2196"]
[BlackElo "2283"]
[Annotator "NA"]
[PlyCount "72"]
[EventDate "2020.11.19"]
[EventType "team-tourn"]
[EventCountry "RUS"]
[SourceTitle "playchess.com"]
[Source "ChessBase"]
[SourceQuality "1"]
[TimeControl "40/5400+30:1800+30"]

1. d4 d5 2. Nf3 Nf6 3. e3 c5 4. Bb5+ Bd7 5. Bxd7+ Nbxd7 6. O-O e6 7. b3 Rc8 8. Bb2 Be7 9. Nbd2 b5 10. dxc5 Nxc5 11. Qe2 $11 Qb6 12. Bd4 Qb7 13. Ne5 O-O 14. f4 Nce4 15. Ndf3 Nc3 16. Bxc3 Rxc3 17. Nd4 Bc5 18. a4 b4 19. Nd3 Rc8 20. Nxc5 R8xc5 21. a5 Ne4 22. a6 Qb6 23. Ra4 f6 24. Kh1 h6 25. Kg1 Rxe3 26. Qxe3 Rc3 27. Qe2 Qxd4+ 28. Kh1 Qc5 29. Qg4 Qb6 30. Ra2 Kh8 31. Qh4 Qc5 32. Qe1 Re3 33. Qd1 Nc3 34. Qa1 Nxa2 35. Qxa2 Re2 36. Qa4 Qf2 0-1

[Event "XXVII RUS-chT Women 2020"]
[Site "Sochi"]
[Date "2020.11.19"]
[Round "1.12"]
[White "Styazhkina, Anna"]
[Black "Mukhina, Jana"]
[Result "1-0"]
[ECO "C50"]
[WhiteElo "2319"]
[BlackElo "2012"]
[Annotator "NA"]
[PlyCount "93"]
[EventDate "2020.11.19"]
[EventType "team-tourn"]
[EventCountry "RUS"]
[SourceTitle "playchess.com"]
[Source "ChessBase"]
[SourceQuality "1"]
[TimeControl "40/5400+30:1800+30"]

1. e4 e5 2. Nf3 Nc6 3. Bc4 Bc5 4. d3 Nf6 5. O-O O-O 6. a4 a6 7. Nbd2 d6 8. c3 Be6 9. Re1 Ba7 10. h3 Bxc4 11. Nxc4 b5 12. Ne3 $14 d5 13. Qc2 d4 14. Nf5 g6 15. cxd4 Nxd4 16. N5xd4 Bxd4 17. Bg5 h6 18. Bxh6 Re8 19. Nxd4 Qxd4 20. axb5 Qb6 21. bxa6 Rxa6 22. Rxa6 Qxa6 23. Rc1 Re6 24. Qc5 Qd6 25. Qxc7 Qxd3 26. Qb8+ Re8 27. Rc8 Rxc8 28. Qxc8+ Kh7 29. Qf8 Nh5 30. Bg5 Qb1+ 31. Kh2 Qxe4 32. Qxf7+ Ng7 33. f3 Qd4 34. Qe7 Kh8 35. f4 Kh7 36. Qxe5 Qxe5 37. fxe5 Ne6 38. Bf6 Kg8 39. g4 Kf7 40. Kg3 Ke8 41. h4 Kf7 42. b4 Nd4 43. Kf4 Ne6+ 44. Ke4 Ke8 45. Kd5 Kd7 46. b5 Nc7+ 47. Ke4 1-0

[Event "XXVII RUS-chT Women 2020"]
[Site "Sochi"]
[Date "2020.11.19"]
[Round "1.13"]
[White "Vasilevich, Tatjana"]
[Black "Kochukova, Anna"]
[Result "1-0"]
[ECO "B44"]
[WhiteElo "2353"]
[BlackElo "2111"]
[Annotator "NA"]
[PlyCount "85"]
[EventDate "2020.11.19"]
[EventType "team-tourn"]
[EventCountry "RUS"]
[SourceTitle "playchess.com"]
[Source "ChessBase"]
[SourceQuality "1"]
[TimeControl "40/5400+30:1800+30"]

1. e4 c5 2. Nf3 e6 3. d4 cxd4 4. Nxd4 Nc6 5. Nb5 d6 6. Bf4 e5 7. Be3 Nf6 8. Bg5 Qa5+ 9. Bd2 Qd8 10. Bg5 Qa5+ 11. Qd2 Nxe4 12. Qxa5 Nxa5 13. Be3 $1 Kd7 14. Bxa7 (14. f3 $14 Nf6 15. Bxa7) 14... Be7 15. f3 Nf6 16. N1c3 Nc6 17. Bf2 Nb4 18. Rc1 Nfd5 19. Nxd5 $16 Nxd5 20. Bc4 Nf4 21. g3 Ne6 22. O-O Bd8 23. Rcd1 Bc7 24. Be3 Bb8 25. Nc3 Rd8 26. f4 Ke8 27. Nb5 Ra6 28. a3 Bd7 29. Nc3 Ra8 30. Rd2 f6 31. Rfd1 Rc8 32. Bb3 Nd8 33. fxe5 fxe5 34. Ne4 Bg4 35. Rf1 Ra6 36. Rdf2 Bh3 37. Rf8+ Kd7 38. Rd1 Bg4 39. Rd2 b6 40. Rg8 Be6 41. Rxg7+ Kc6 42. Rxh7 b5 43. Rh6 1-0

[Event "XXVII RUS-chT Women 2020"]
[Site "Sochi"]
[Date "2020.11.19"]
[Round "1.14"]
[White "Zhurova, Anna"]
[Black "Tomilova, Elena"]
[Result "0-1"]
[ECO "C17"]
[WhiteElo "2078"]
[BlackElo "2358"]
[Annotator "ChessBase"]
[PlyCount "112"]
[EventDate "2020.11.19"]
[EventType "team-tourn"]
[EventCountry "RUS"]
[SourceTitle "playchess.com"]
[Source "ChessBase"]
[SourceQuality "1"]
[TimeControl "40/5400+30:1800+30"]

1. e4 e6 2. d4 d5 3. Nc3 Bb4 4. e5 c5 5. a3 Ba5 6. b4 cxd4 7. Nb5 Bc7 8. f4 Bd7 9. Qg4 Kf8 10. Nxd4 Nc6 11. Nb3 Nge7 12. Nf3 Nf5 13. Bd3 Bb6 14. c3 Rc8 15. Qh3 Nce7 16. Bd2 Ba4 17. Nc5 Bxc5 18. bxc5 d4 19. c4 Ne3 20. Rc1 Bc6 21. Ke2 h5 22. Bxe3 dxe3 23. Rhd1 Qa5 24. Ng5 Ba4 25. Bc2 Nf5 26. Bxf5 Bxd1+ 27. Rxd1 Rd8 28. Rxd8+ Qxd8 29. Bd3 Qa5 30. Qxe3 Qxa3 31. Qd4 Qa2+ 32. Kf3 Ke8 33. f5 Rh6 34. Ne4 Qb3 35. Nd6+ Kf8 36. Qe3 a5 37. f6 a4 38. Kf2 Qb2+ 39. Be2 Rg6 40. fxg7+ Rxg7 41. Nb5 Kg8 42. Kf3 Qc2 43. g3 Qb2 44. Qc3 Qxc3+ 45. Nxc3 a3 46. Kf4 h4 47. g4 f6 48. exf6 Rc7 49. Bd1 Rd7 50. Bf3 Rd4+ 51. Ke3 Rxc4 52. Kd3 Rxc5 53. Bxb7 Kf7 54. Bf3 Ra5 55. Na2 Kxf6 56. Kc3 Rb5 0-1

[Event "XXVII RUS-chT Women 2020"]
[Site "Sochi"]
[Date "2020.11.19"]
[Round "1.15"]
[White "Potapova, Margarita"]
[Black "Shestakova, Ekaterina"]
[Result "1-0"]
[ECO "B31"]
[WhiteElo "2266"]
[BlackElo "1966"]
[Annotator "NA"]
[PlyCount "107"]
[EventDate "2020.11.19"]
[EventType "team-tourn"]
[EventCountry "RUS"]
[SourceTitle "playchess.com"]
[Source "ChessBase"]
[SourceQuality "1"]
[TimeControl "40/5400+30:1800+30"]

1. e4 c5 2. Nf3 Nc6 3. Bb5 g6 4. Bxc6 dxc6 5. d3 Bg7 6. h3 e5 7. Nc3 Ne7 8. Be3 b6 9. Qd2 h6 10. a3 Be6 11. b4 f5 $15 12. Qe2 cxb4 13. axb4 O-O 14. O-O Qd7 15. exf5 Nxf5 16. Ne4 Nd4 17. Nxd4 exd4 18. Bd2 Bd5 19. f3 Rac8 20. Qe1 Kh7 21. Qh4 Bxe4 22. fxe4 c5 23. Rxf8 Rxf8 24. bxc5 bxc5 25. Qg4 Qf7 26. Qe2 Be5 27. Qf3 Kg7 28. Qxf7+ Rxf7 29. Ra5 Bd6 30. Ra6 Bg3 31. Ra1 Rb7 32. Kf1 Rf7+ 33. Kg1 Rb7 34. Bc1 g5 35. Ba3 Rb5 36. Kf1 a5 37. Ke2 Kf7 38. Rf1+ Ke6 39. Rf8 Be5 40. Rc8 Kd6 41. Kf3 h5 42. Rg8 Bf6 43. Ra8 Be7 44. Rh8 h4 45. Ra8 Ke5 46. Kg4 Rb6 47. Rxa5 Rc6 48. Bc1 Rf6 49. Ra7 Bd8 50. Rd7 Rf1 51. Rxd8 Rxc1 52. Rd5+ Ke6 53. Rxc5 Rg1 54. Kxg5 1-0

[Event "XXVII RUS-chT Women 2020"]
[Site "Sochi"]
[Date "2020.11.19"]
[Round "1.16"]
[White "Lesnykh, Zhanna"]
[Black "Illina, Natalia"]
[Result "0-1"]
[ECO "B44"]
[WhiteElo "1755"]
[BlackElo "2072"]
[Annotator "NA"]
[PlyCount "152"]
[EventDate "2020.11.19"]
[EventType "team-tourn"]
[EventCountry "RUS"]
[SourceTitle "playchess.com"]
[Source "ChessBase"]
[SourceQuality "1"]
[TimeControl "40/5400+30:1800+30"]

1. e4 c5 2. Nf3 e6 3. d4 cxd4 4. Nxd4 Nc6 5. Nxc6 bxc6 6. Nc3 Nf6 7. e5 Nd5 8. Nxd5 cxd5 9. Bd3 Rb8 10. O-O Qc7 11. f4 Be7 12. Qh5 g6 13. Qh6 Bf8 14. Qg5 Bg7 15. b3 Qc5+ 16. Kh1 O-O 17. Bb2 Qa5 18. h4 Ba6 19. h5 Bxd3 20. cxd3 Qd2 21. Ba3 Rfe8 22. hxg6 fxg6 23. Rf3 Qa5 24. Bd6 Rxb3 25. axb3 Qxa1+ 26. Kh2 Qe1 27. Rh3 Qf2 28. b4 Bf8 29. Rf3 Qe1 30. Bxf8 Rxf8 31. Qe7 Rf7 32. Qd8+ Kg7 33. Qa5 Qh4+ 34. Kg1 Qe1+ 35. Kh2 Qd2 36. Qxa7 Qxb4 37. Qf2 Qf8 38. Qe3 Kg8 39. Kg1 Qh6 40. Qf2 Qf8 41. Qe3 Qb4 42. Rf1 Rf8 43. Rf2 Rc8 44. Kh2 Rf8 45. Rf3 Ra8 46. Qc1 Qb7 47. Qc5 Rf8 48. Qe7 Qc8 49. Rh3 Rf7 50. Qh4 Qf8 51. Kh1 Qc5 52. Rf3 Kg7 53. Kh2 Qb4 54. Qf2 Qf8 55. Qe3 Kg8 56. Qf2 Qh6+ 57. Kg1 Qh5 58. Qg3 Rf8 59. Qf2 Qg4 60. Qe3 Rf5 61. Qc1 Kg7 62. Kf2 Qh4+ 63. Kg1 Qg4 64. Kf2 h6 65. Qc7 Qh4+ 66. Kf1 Rf7 67. Ke2 h5 68. Qc1 Qg4 69. Kf2 h4 70. Qe3 Rf5 71. Qa7 Rxf4 72. Qxd7+ Kh6 73. Qd8 Rxf3+ 74. gxf3 Qg3+ 75. Ke2 Qxe5+ 76. Kd2 Qg5+ 0-1

[Event "XXVII RUS-chT Women 2020"]
[Site "Sochi"]
[Date "2020.11.19"]
[Round "1.17"]
[White "Grigorieva, Yulia"]
[Black "Protopopova, Anastasiya"]
[Result "0-1"]
[ECO "E46"]
[WhiteElo "2343"]
[BlackElo "2267"]
[Annotator "ChessBase"]
[PlyCount "150"]
[EventDate "2020.11.19"]
[EventType "team-tourn"]
[EventCountry "RUS"]
[SourceTitle "playchess.com"]
[Source "ChessBase"]
[SourceQuality "1"]
[TimeControl "40/5400+30:1800+30"]

1. d4 Nf6 2. c4 e6 3. Nc3 Bb4 4. e3 O-O 5. Nge2 Re8 6. a3 Bf8 7. Ng3 d5 8. cxd5 exd5 9. b4 b6 10. Be2 c5 11. bxc5 bxc5 12. dxc5 Na6 13. c6 Qd6 14. Bb2 Rb8 15. Nb5 Qxc6 16. Nxa7 Qc7 17. Bxf6 Qxa7 18. Bd4 Nc5 19. O-O Qa5 20. Nh5 Nb3 21. Rb1 Qxa3 22. Bd3 Bd7 23. Bb2 Qb4 24. Nf4 Qd6 25. Bc2 Nc5 26. Qh5 h6 27. Rfd1 Na4 28. Rxd5 Qc7 29. Bxa4 Bxa4 30. Rd2 Bc2 31. Nd5 Qc4 32. Rd4 Qa2 33. Rf1 Qxb2 34. h4 Rbd8 35. Qg4 Kh8 36. Qf3 Qb7 37. Rc1 Bb3 38. e4 Bxd5 39. exd5 Bd6 40. g4 Qb2 41. Rdc4 Qe5 42. Kf1 Kg8 43. Rc6 Qe4 44. Kg2 Qxf3+ 45. Kxf3 Be7 46. Rd1 Bxh4 47. Rc2 Rd6 48. Rcd2 Rf6+ 49. Kg2 Bg5 50. Rc2 Bf4 51. Ra2 g5 52. Kf3 Rd6 53. Re2 Red8 54. Ke4 Kg7 55. Ra2 Kf6 56. Ra5 Re8+ 57. Kd3 Re5 58. Kc4 Re2 59. f3 Rf2 60. Rd3 Rc2+ 61. Kb3 Rd2 62. Kc4 Rxd3 63. Kxd3 Ke5 64. Kc4 f5 65. Ra8 fxg4 66. Re8+ Kf5 67. Rf8+ Kg6 68. fxg4 h5 69. gxh5+ Kxh5 70. Kc5 Rg6 71. Re8 g4 72. Rh8+ Kg5 73. Kd4 g3 74. Rh1 g2 75. Rg1 Kf5 0-1